 Seeded DCSS version 0.31-a0-1119-gf6f8548 (webtiles) character file.

Game seed: 100574766925336005 (custom seed)

651204 PurpleRed the Skinwalker (level 27, -18/118 HPs)
             Began as a Felid Hedge Wizard on Dec 4, 2023.
             Was the Champion of Vehumet.
             Killed from afar by Cuonk the pandemonium lord (40 damage)
             ... with a harpoon shot
             ... on level 19 of a ziggurat.
             The game lasted 05:28:13 (88539 turns).

PurpleRed the Skinwalker (Felid Hedge Wizard)      Turns: 88539, Time: 05:28:14

Health: -18/118    AC:  5    Str:  2    XL:     27
Magic:  25/48      EV: 44    Int: 41    God:    Vehumet [******]
Gold:   3444       SH:  0    Dex: 16    Spells: 3/66 levels left
                                        Lives:  0   Deaths: 9

rFire   + + .        (weapon unavailable)
rCold   + + .        (shield unavailable)
rNeg    + + +        (body armour unavailable)
rPois   ∞            (helmet unavailable)
rElec   .            (cloak unavailable)
rCorr   .            (gloves unavailable)
SInv    +            (boots unavailable)
Will    +++++        O - amulet of Gozag's Supremacy {Acrobat Rampage Int+3}
Stlth   ++           W - ring of Uroggu {rF++ rN+ Str-3}
HPRegen 0.39/turn    R - +6 ring of intelligence
MPRegen 0.31/turn

%: acrobat, rampage
@: death-form, acrobatic, studying Fire Magic, quick
A: vile attack, torment immunity, no potions, very small, claws 1, fangs 3, see
invisible, speed 1, shaggy fur 3, stealthy paws, no weapons or thrown items, no
armour, multi-lived, iridescent scales 1, clever 1
}: 3/15 runes: decaying, serpentine, slimy
a: Siphon Essence, Begin Untransformation, Renounce Religion


You were on level 19 of a ziggurat.
You worshipped Vehumet.
Vehumet was exalted by your worship.
You were an undying horror.
You visited 12 branches of the dungeon, and saw 51 of its levels.
You visited 1 bazaar.
You visited 1 ziggurat, and saw 19 of its levels.
You also visited: Ossuary and Gauntlet.

You collected 7527 gold pieces.
You spent 4083 gold pieces at shops.

Inventory:

Jewellery
 j - the amulet of Limimec {RegenMP *Corrode Fragile rElec Stlth+}
   (You found it on level 15 of a ziggurat)

   [amulet of magic regeneration]

   RegenMP:   It increases your rate of magic regeneration.
   rElec:     It insulates you from electricity.
   *Corrode:  It may corrode you when you take damage.
   Fragile:   It will be destroyed if unequipped.
   Stlth+:    It makes you more stealthy.
 l - a ring of wizardry
 m - the ring "Plog" {rElec EV+5 Str+3}
   (You found it on level 18 of a ziggurat)

   [ring of evasion]

   EV+5:      It affects your evasion (+5).
   Str+3:     It affects your strength (+3).
   rElec:     It insulates you from electricity.
 p - the ring "Teebauhe" {rPois rF+ rC+ Str+6 Stlth-}
   (You found it on level 10 of a ziggurat)

   [ring of poison resistance]

   Str+6:     It affects your strength (+6).
   rF+:       It protects you from fire.
   rC+:       It protects you from cold.
   rPois:     It protects you from poison Stlth-: It makes you less stealthy.
 q - the ring of the Nine Moons {rC++ Will+ rCorr SInv Stlth-}
   (You found it on level 12 of a ziggurat)

   [ring of willpower]

   rC++:      It greatly protects you from cold.
   Will+:     It increases your willpower.
   SInv:      It lets you see invisible.
   rCorr:     It protects you from acid and corrosion.
   Stlth-:    It makes you less stealthy.
 y - the ring of Foolhardiness {Fly Int+4 Stlth-}
   (You found it on level 8 of a ziggurat)

   [ring of flight]

   Int+4:     It affects your intelligence (+4).
   Fly:       It grants you flight.
   Stlth-:    It makes you less stealthy.
 A - a ring of fire
 F - the ring of Wotid {rElec rC+ Will+ rCorr Int-2}
   (You found it on level 9 of a ziggurat)

   [ring of resist corrosion]

   Int-2:     It affects your intelligence (-2).
   rC+:       It protects you from cold.
   rElec:     It insulates you from electricity.
   Will+:     It increases your willpower.
   rCorr:     It protects you from acid and corrosion.
 I - a ring of magical power
 M - the ring "Riemic" {rElec rPois Will++}
   (You bought it in a shop on level 3 of the Vaults)

   [ring of poison resistance]

   rElec:     It insulates you from electricity.
   rPois:     It protects you from poison Will++: It greatly increases your
   willpower.
 O - the amulet of Gozag's Supremacy (around neck) {Acrobat Rampage Int+3}
   (You found it on level 5 of the Pits of Slime)

   [amulet of the acrobat]

   Acrobat:   It increases your evasion while moving and waiting.
   Int+3:     It affects your intelligence (+3).
   Rampage:   It bestows one free step when moving towards enemies.
 R - a +6 ring of intelligence (right paw)
 V - an amulet of regeneration
 W - the ring of Uroggu (left paw) {rF++ rN+ Str-3}
   (You took it off Jory on level 3 of the Crypt)

   [ring of positive energy]

   Str-3:     It affects your strength (-3).
   rF++:      It greatly protects you from fire.
   rN+:       It protects you from negative energy.
 X - the ring of Paijuism {+Blink rC+ Will+ Dex+4}
   (You took it off a deep elf sorcerer on level 3 of the Elven Halls)

   [ring of willpower]

   Dex+4:     It affects your dexterity (+4).
   rC+:       It protects you from cold.
   Will+:     It increases your willpower.
   +Blink:    It lets you blink.
Talismans
 f - a storm talisman
 i - a talisman of death (active)
 w - the dragon-blood talisman "Cudidem" {rElec}
   (You found it on level 5 of the Lair of Beasts)

   [dragon-blood talisman]

   rElec:     It insulates you from electricity.
Wands
 c - a wand of flame (39)
 e - a wand of digging (29)
 t - a wand of roots (70)
 G - a wand of charming (77)
 T - a wand of polymorph (33)
 Y - a wand of light (44)
Scrolls
 b - 4 scrolls of teleportation
 n - 3 scrolls of torment
 s - 3 scrolls of vulnerability
 v - 15 scrolls of revelation
 z - 5 scrolls of fog
 B - 8 scrolls of immolation
 N - 2 scrolls of summoning
 S - 2 scrolls of fear
 U - 4 scrolls of silence
 Z - 5 scrolls of amnesia
Potions
 a - 8 potions of ambrosia
 d - 6 potions of magic
 g - 9 potions of lignification
 h - 3 potions of heal wounds
 k - a potion of resistance
 o - 4 potions of berserk rage
 r - 10 potions of curing
 u - 8 potions of brilliance
 C - 9 potions of attraction
 D - 7 potions of enlightenment
 E - 8 potions of might
 H - 12 potions of mutation
 J - a potion of experience
 L - 9 potions of cancellation
 P - 4 potions of invisibility
 Q - 8 potions of haste
Miscellaneous
 x - a condenser vane (inert)
 K - a phantom mirror (inert)


   Skills:
 - Level 12.0 Fighting
 - Level 18.0 Dodging
 - Level 2.6 Stealth
 + Level 20.1 Spellcasting
 - Level 21.0 Conjurations
 - Level 1.0 Summonings
 - Level 1.5 Translocations
 - Level 21.0 Fire Magic
 * Level 10.3 Air Magic
 - Level 5.0 Earth Magic
 - Level 3.0 Poison Magic
 - Level 4.0 Evocations
 - Level 23.0 Shapeshifting


You had 3 spell levels left.
You knew the following spells:

 Your Spells              Type           Power      Damage    Failure   Level
a - Bombard               Conj/Erth      49%        9d8       1%          6
b - Ignition              Fire           59%        3d16      1%          8
c - Fire Storm            Conj/Fire      59%        8d15      3%          9
d - Iskenderun's Mystic   Conj/Tloc      93%        2d18      1%          4
e - Fireball              Conj/Fire      59%        3d23      0%          5
f - Chain Lightning       Conj/Air       53%        3d70      24%         9
g - Orb of Destruction    Conj           59%        9d14      1%          7
h - Stone Arrow           Conj/Erth      100%       3d13      0%          3
i - Blink                 Tloc           100%       N/A       1%          2
j - Passage of Golubria   Tloc           52%        N/A       3%          4
s - Starburst             Conj/Fire      59%        6d16      0%          6

Your spell library contained the following spells:

 Spells                   Type           Power      Damage    Failure   Level
 Foxfire                  Conj/Fire      100%       2x1d9     0%          1
 Kiss of Death            Conj/Necr      100%       2d13      0%          1
 Magic Dart               Conj           100%       1d8       0%          1
 Shock                    Conj/Air       100%       1d9       0%          1
 Momentum Strike          Conj/Tloc      100%       3d10      0%          2
 Scorch                   Fire           100%       2d9       0%          2
 Static Discharge         Conj/Air       100%       3-8/arc   0%          2
 Dazzling Flash           Conj/Hex       100%       N/A       0%          3
 Hailstorm                Conj/Ice       91%        3d15      0%          3
 Inner Flame              Hex/Fire       91%        N/A       0%          3
 Mephitic Cloud           Conj/Pois/Air  94%        N/A       0%          3
 Volatile Blastmotes      Fire/Tloc      100%       2d18      0%          3
 Apportation              Tloc           100%       N/A       1%          1
 Freeze                   Ice            100%       1d10      1%          1
 Necrotise                Necr           100%       1d9       1%          1
 Sandblast                Erth           100%       2d20      1%          1
 Slow                     Hex            100%       N/A       1%          1
 Summon Small Mammal      Summ           100%       N/A       1%          1
 Call Imp                 Summ           98%        N/A       1%          2
 Cigotuvi's Dreadful Rot  Necr/Pois/Air  100%       N/A       1%          2
 Ensorcelled Hibernation  Hex/Ice        82%        N/A       1%          2
 Jinxbite                 Hex            82%        N/A       1%          2
 Lesser Beckoning         Tloc           100%       N/A       1%          2
 Passwall                 Tmut/Erth      47%        N/A       1%          2
 Poisonous Vapours        Pois/Air       100%       N/A       1%          2
 Wereblood                Tmut           41%        N/A       1%          2
 Call Canine Familiar     Summ           49%        N/A       1%          3
 Confusing Touch          Hex            41%        N/A       1%          3
 Frozen Ramparts          Ice            82%        1d13      1%          3
 Gell's Gravitas          Tloc           52%        N/A       1%          3
 Ignite Poison            Fire/Tmut/Pois 82%        N/A       1%          3
 Sigil of Binding         Hex            41%        N/A       1%          3
 Summon Guardian Golem    Hex/Summ       45%        N/A       1%          3
 Teleport Other           Tloc           52%        N/A       1%          3
 Tukima's Dance           Hex            41%        N/A       1%          3
 Vampiric Draining        Necr           41%        2d8       1%          3
 Flame Wave               Conj/Fire      100%       2d21      0%          4
 Sticky Flame             Conj/Fire      100%       2d11      0%          4
 Iskenderun's Battlesphe  Conj           100%       2d15      0%          5
 Airstrike                Air            45%        2d(7-23)  1%          4
 Brom's Barrelling Bould  Conj/Erth      99%        2d11      1%          4
 Leda's Liquefaction      Hex/Erth       28%        N/A       1%          4
 Olgreb's Toxic Radiance  Pois           60%        N/A       1%          4
 Petrify                  Tmut/Erth      57%        N/A       1%          4
 Summon Lightning Spire   Summ/Air       73%        N/A       1%          4
 Vhi's Electric Charge    Tloc/Air       100%       N/A       1%          4
 Arcjolt                  Conj/Air       53%        1d63      1%          5
 Freezing Cloud           Conj/Ice/Air   45%        6-21      1%          5
 Irradiate                Conj/Tmut      45%        3d26      1%          5
 Lee's Rapid Deconstruct  Erth           35%        3d18*     1%          5
 Silence                  Hex/Air        35%        N/A       1%          5
 Conjure Ball Lightning   Conj/Air       53%        3x3d18    1%          6
 Spellforged Servitor     Conj/Summ      46%        N/A       1%          7
 Manifold Assault         Tloc           52%        N/A       3%          4
 Summon Ice Beast         Ice/Summ       45%        N/A       4%          4
 Yara's Violent Unravell  Hex/Tmut       20%        3d9       4%          5
 Lehudib's Crystal Spear  Conj/Erth      49%        10d12     5%          8
 Anguish                  Hex/Necr       20%        N/A       6%          4
 Cause Fear               Hex            20%        N/A       6%          4
 Dispel Undead            Necr           41%        3d16      6%          4
 Borgnjor's Vile Clutch   Necr/Erth      28%        N/A       6%          5
 Alistair's Intoxication  Tmut/Pois      34%        N/A       9%          5
 Summon Forest            Summ/Tloc      25%        N/A       10%         5
 Eringya's Noxious Bog    Tmut/Pois      26%        4d6       13%         6
 Agony                    Necr           41%        N/A       16%         5
 Maxwell's Capacitive Co  Air            45%        ∞         16%         8
 Dispersal                Tloc           26%        N/A       43%         6
 Summon Cactus Giant      Summ           24%        N/A       52%         6
 Death Channel            Necr           20%        N/A       65%         6
 Simulacrum               Ice/Necr       20%        N/A       65%         6
 Ozocubu's Refrigeration  Ice            20%        4d12      73%         7
 Malign Gateway           Summ/Tloc      25%        N/A       96%         7
 Enfeeble                 Hex            20%        N/A       99%         7
 Haunt                    Necr/Summ      22%        N/A       99%         7
 Borgnjor's Revivificati  Necr           20%        N/A       100%        8
 Discord                  Hex            20%        N/A       100%        8
 Disjunction              Tloc           26%        N/A       100%        8
 Summon Horrible Things   Summ           24%        N/A       100%        8
 Death's Door             Necr           20%        N/A       100%        9
 Dragon's Call            Summ           24%        N/A       100%        9
 Polar Vortex             Ice            20%        12d2*     100%        9
 Shatter                  Erth           35%        3d28*     100%        9
 Animate Armour           Summ/Erth      Unusable   N/A       N/A         4
 Dimensional Bullseye     Hex/Tloc       Unusable   N/A       N/A         4

Dungeon Overview and Level Annotations

Branches:
Dungeon (15/15)            Temple (1/1) D:5            Lair (5/5) D:8
  Swamp (4/4) Lair:3        Snake (4/4) Lair:2        Slime (5/5) Lair:5
    Orc (2/2) D:9             Elf (3/3) Orc:2        Vaults (4/5) D:14
  Crypt (3/3) Vaults:2       Tomb (1/3) Crypt:3      Depths (4/4) D:15
    Zot (0/5) Depths:4    Ossuary (visited)         Gauntlet (visited)

Altars:
Ashenzari
Cheibriados
Dithmenos
Elyvilon
Fedhas
Gozag
Hepliaklqana
Kikubaaqudgha
Makhleb
Nemelex Xobeh
Okawaru
Qazlal
Ru
Sif Muna
Trog
Uskayaw
Vehumet
Wu Jian
Xom
Yredelemnul
Zin
The Shining One
Jiyva

Shops:
D:9 [[*?   D:10 [   D:13 (   Orc:2 :*[(*   Snake:1 :   Vaults:3 ==
Depths:1 ??=

Portals:
Hell: Depths:1 Depths:2 Depths:3 Depths:4
Abyss: Depths:1 Depths:3
Pandemonium: Depths:2

Annotations:
Elf:2 3 runed translucent doors
Vaults:2 exclusion: door
Crypt:1 1 runed translucent door, Woadakig's ghost, veteran FoFi
Tomb:1 1 exclusion
Depths:3 2 transporters


Innate Abilities, Weirdness & Mutations

You are an undying horror.
Your melee and unarmed attacks drain, slow and weaken victims.
You are immune to unholy pain and torment.
You cannot drink.
You are immune to poison.
You have sharp claws.
You have razor-sharp teeth.
You have supernaturally acute eyesight. (SInv)
You cover ground quickly. (Speed+)
Your thick and shaggy fur keeps you warm. (AC +3, rC+)
Your paws help you pounce on unaware monsters.
You are incapable of wielding weapons or throwing items.
You cannot wear armour.
You gain extra lives every three experience levels.
You are partially covered in iridescent scales. (AC +2)
Your mind is acute. (Int +4, Str/Dex -1)


Message History

Unknown command.
You cannot drink potions in your current state!
Unknown command.
Unknown command.
As you read the scroll of teleportation, it crumbles to dust.
You feel strangely unstable. Kiodaut barely misses you. Raagreqo misses you.
Kiodaut splashes you!!!
A sea snake comes into view.
The sea snake changes into a death drake!
The Killer Klown pies you viciously! The klown pie misses you.
You feel ready to blink again.
The Killer Klown blinks!
Raagreqo attacks as it pursues you! Raagreqo hits you!!
* * * LOW HITPOINT WARNING * * *
Kiodaut completely misses you.
Your surroundings suddenly seem different.
As you read the scroll of fog, it dissolves into smoke.
As you read the scroll of summoning, it crumbles to dust.
Wisps of shadow whirl around you... Cuonk hits your tarantella.
Space warps around your tarantella.
Your tarantella completely misses Cuonk.
Something hits your tarantella!!
Your tarantella dies!
Your tarantella's corpse dissolves into shadows!
Something completely misses your Killer Klown.
Something hits your Killer Klown!!!
Your Killer Klown blinks!
Cuonk fires a harpoon shot at you.
The harpoon shot hits your apocalypse crab!!
Your Killer Klown blinks!
The red very ugly thing gurgles horribly!
Cuonk barely misses your apocalypse crab.
Cuonk sneers, "Slither hence, thou cockered tickle-brained measle!"
Your apocalypse crab bites Cuonk but does no damage.
Your apocalypse crab completely misses Cuonk.
You see here a staff of death.
Cuonk fires a harpoon shot at you. The harpoon shot hits you!!!
You die...

......§§§§§§▓▓
†.....§§§§§u§▓▓
.......§##.§t.▓▓
........#..u&..▓▓
§.u§§...§.......▓
§u§§§...........▓▓
§§§§.............▓
§§§§§§.......:|||▓
.§p§§§......):$)z▓
.§§§§§......)[[∩$▓▓
.k§§§§......?::>)$▓
.§§.§.p....."|?∩)▓▓
....§§§&...../=:)▓
.......&.....":")▓
.................▓
................▓▓
................▓


You could see Cuonk (ally target), a red very ugly thing (summoned), a red ugly
thing (summoned) and a friendly apocalypse crab (summoned).

Vanquished Creatures
  the Royal Jelly (Slime:5)
  2 dread liches (Zig:8)
  The ghost of Boduf the Metallomancer, a legendary FoHu of Cheibriados (Zig:17)
  The ghost of Xorhowon the Invulnerable, a legendary MiBe of Trog (Zig:17)
  Mara (Swamp:4)
  The ghost of Becvyf the Gnoll Aeon, a legendary GnFi of Cheibriados (Zig:17)
  A juggernaut (Depths:4)
  A pandemonium lord (Zig:19)
  The ghost of Walil the Intangible, a veteran MiMo of Dithmenos (Zig:17)
  5 Killer Klowns
  Boris (Tomb:1)
  The ghost of Ydot the Metallomancer, a legendary FeWr of Ru (Zig:17)
  Vashnia (Snake:3)
  A caustic shrike (Zig:16)
  The ghost of astronautguy the Lord of Darkness, a master DEFE of Kikubaaqudgha (Zig:17)
  The ghost of EricTams the Hoplite, a veteran MiBe of Trog (Zig:17)
  A curse toe (Zig:17)
  A profane servitor (Crypt:3)
  2 golden dragons
  The ghost of Uhosoup the Slayer, a veteran GrFi of Okawaru (Zig:17)
  Jory (Crypt:3)
  the Enchantress (Depths:3)
  2 bone dragons
  4 electric golems (Zig:12)
  2 hellephants (Zig:16)
  Mlioglotl (Swamp:3)
  2 Ice Fiends
  Jorgrun (Swamp:3)
  Zenata (Crypt:2)
  6 liches
  A walking crystal tome (Depths:2)
  A titan (Zig:12)
  7 deep elf master archers
  2 deep elf blademasters (Elf:3)
  A walking earthen tome (Depths:4)
  3 quicksilver dragons
  9 sphinxes
  15 acid blobs
  2 thorn hunters
  2 tengu reavers
  3 ancient champions
  5 shadow dragons (Zig:17)
  5 revenants
  12 azure jellies
  Kirke (D:13)
  2 fenstrider witches
  6 rockslimes
  5 narguns (Zig:10)
  4 fire giants
  20 nagarajas
  2 draconian monks (Zig:13)
  6 vault wardens
  3 draconian knights
  7 frost giants
  Louise (Swamp:3)
  A deep elf elementalist (Elf:3)
  2 draconian scorchers (Zig:13)
  An iron dragon (Depths:3)
  10 deep elf sorcerers (Elf:3)
  2 draconian shifters (Zig:13)
  A ghost moth (shapeshifter) (Zig:7)
  2 draconian stormcallers (Zig:13)
  5 ghouls
  4 curse skulls
  13 ironbound preservers
  5 orc warlords
  10 quicksilver oozes
  A reaper (Crypt:2)
  The ghost of Cicylist the Cleaver, a journeyman FoFi of Okawaru (D:14)
  A stone giant (shapeshifter) (Zig:19)
  5 draconian annihilators
  3 spriggan defenders (Depths:3)
  A caustic shrike skeleton (Crypt:2)
  6 stone giants
  10 deep elf demonologists
  29 very ugly things
  3 formless jellyfish
  A green draconian (Depths:4)
  6 ironbound thunderhulks
  7 deep elf annihilators
  A red draconian (Zig:13)
  6 vampire knights
  2 purple draconians
  3 black draconians
  A demonspawn black sun (Zig:17)
  4 eleionomae
  5 spark wasps
  2 wendigos (Zig:10)
  3 bunyips
  4 yellow draconians
  4 dire elephants (Vaults:1)
  5 ettins
  4 eidola (Crypt:2)
  A green death (Depths:2)
  11 deep elf death magi
  4 mummy priests (Tomb:1)
  A merfolk javelineer (Depths:2)
  4 deep elf high priests
  2 entropy weavers
  8 yaktaur captains
  The ghost of malesh the Basher, a journeyman DrBe of Trog (D:10)
  5 vault guards
  Fannar (Orc:1)
  24 jiangshi
  13 fire dragons
  A crystal guardian (D:13)
  Harold (D:9)
  20 salamander tyrants
  The ghost of Jiolyugh the Geomancer, a journeyman GrEE of Qazlal (D:14)
  5 great orbs of eyes
  3 ice dragons
  6 spriggan air magi
  2 ogre magi
  8 catoblepae
  The ghost of Xaytacwe the Reanimator, a journeyman GnNe of Cheibriados (Lair:1)
  17 hydras
  3 rakshasas
  4 ghost crabs
  An alligator snapping turtle (shapeshifter) (Zig:19)
  A spriggan skeleton (Crypt:1)
  9 alligators
  10 two-headed ogres
  7 death yaks (Lair:5)
  16 naga warriors
  5 ironbound frosthearts
  6 death knights
  7 boulder beetles
  8 anacondas
  3 centaur warriors
  30 dancing weapons
  11 deep troll shamans
  6 tengu warriors
  4 vampire magi
  24 naga sharpshooters
  9 orc high priests
  2 occultists
  6 deep troll earth magi
  11 spriggan berserkers
  A hell knight (Depths:2)
  A storm dragon zombie (Crypt:2)
  13 shock serpents
  A sun demon (Depths:2)
  2 soul eaters (Zig:17)
  12 deep elf knights
  4 iron trolls
  Amaemon (Lair:2)
  3 goliath frogs
  A skyshark (shapeshifter) (Vaults:3)
  9 skysharks
  5 salamander mystics
  An anaconda zombie (Crypt:1)
  5 spriggan druids
  A death drake (shapeshifter) (Vaults:4)
  31 skeletal warriors
  4 shadow wraiths
  7 flayed ghosts
  18 swamp dragons
  A sea snake (shapeshifter) (Zig:7)
  8 bog bodies
  55 deep trolls
  4 glowing orange brains
  The ghost of 333guts333 the Trooper, a novice GrFi of Okawaru (D:6)
  An obsidian statue (Zig:12)
  A shadow dragon zombie (Crypt:3)
  8 orc knights
  5 naga ritualists
  9 ironbound convokers
  4 arcanists
  9 phantasmal warriors
  7 lindwurms
  17 deep elf archers
  2 wolf spider zombies (D:15)
  10 mana vipers
  7 large abominations
  2 orange crystal statues (Zig:12)
  38 deep elf pyromancers
  A wolf spider (D:15)
  37 deep elf zephyrmancers
  3 harpies (Vaults:2)
  An oklob plant (Lair:4)
  8 necromancers
  A cyclops (shapeshifter) (Zig:19)
  53 ugly things
  4 orc sorcerers
  5 will-o-the-wisps
  26 salamanders
  3 elephants (Lair:5)
  3 cyclopes
  5 manticores
  2 shining eyes
  A frost giant skeleton (Depths:1)
  13 vault sentinels
  Joseph (D:7)
  Maurice (D:7)
  5 kobold blastminers
  3 stone giant skeletons (Crypt:1)
  20 naga magi
  A fire giant zombie (Depths:1)
  8 centaur zombies
  19 guardian serpents
  A rust devil (Crypt:1)
  An apocalypse crab (Zig:19)
  41 black mambas
  An ice statue (Zig:12)
  A shock serpent zombie (Crypt:2)
  15 cane toads
  A water nymph (D:15)
  An alligator snapping turtle zombie (Crypt:1)
  A torpor snail (Zig:16)
  An orange demon (Lair:2)
  Maggie (D:6)
  A gargoyle (D:10)
  A titan simulacrum (Crypt:3)
  2 eyes of devastation
  A smoke demon (Depths:2)
  A hellion (Zig:10)
  A yaktaur zombie (Vaults:3)
  An elf skeleton (Vaults:3)
  3 kobold demonologists (D:11)
  13 komodo dragons
  11 freezing wraiths
  2 rime drakes
  An unseen horror (shapeshifter) (Depths:4)
  A minotaur skeleton (Crypt:2)
  4 tengu conjurers
  2 efreet
  A yaktaur skeleton (Vaults:3)
  17 yaktaurs
  2 guardian mummies (Tomb:1)
  A black draconian skeleton (Crypt:1)
  3 harpy zombies
  2 bloated husks (Swamp:1)
  A spectral harpy (Crypt:3)
  2 red devils (Crypt:1)
  A redback zombie (D:15)
  10 polar bears
  An unseen horror skeleton (Crypt:1)
  11 tyrant leeches
  5 hornets
  A tengu simulacrum (Zig:10)
  23 blink frogs
  5 trolls
  Grinder (D:6)
  A hornet (shapeshifter) (Elf:2)
  A hydra skeleton (Crypt:2)
  2 ettin zombies
  2 meliai zombies (D:15)
  3 raiju (Zig:12)
  7 dream sheep
  A jumping spider zombie (Crypt:1)
  2 glass eyes
  A snapping turtle (shapeshifter) (Zig:7)
  An iron dragon simulacrum (Depths:1)
  A slime creature (shapeshifter) (Zig:19)
  2 centaur simulacra
  A merfolk skeleton (Tomb:1)
  8 shadows
  86 slime creatures
  5 air elementals
  64 flying skulls
  2 black mamba zombies (Crypt:1)
  3 ushabtiu (Tomb:1)
  A culicivora (shapeshifter) (Zig:8)
  7 spriggans
  10 water elementals
  8 wraiths
  7 basilisks
  3 fire elementals
  A wind drake zombie (Crypt:2)
  5 wyverns
  60 yaks
  2 hogs (D:13)
  4 golden eyes
  Edmund (D:6)
  2 redbacks
  2 chaos spawn
  3 wargs
  Menkaure (D:6)
  43 nagas
  11 vampire mosquitoes
  A harpy simulacrum (D:15)
  9 small abominations
  13 swamp worms
  A demonspawn skeleton (Crypt:1)
  4 acid dragons
  12 water moccasins
  A water nymph skeleton (Crypt:1)
  45 orc warriors
  2 sky beasts
  2 black bears (D:6)
  11 swamp drakes
  2 ice beasts (D:8)
  3 human zombies
  11 ogres
  22 wolves
  4 centaurs
  2 phantoms (D:6)
  An elf zombie (Crypt:2)
  A kobold brigand (D:11)
  6 bullfrogs
  3 necrophages (Crypt:3)
  4 earth elementals
  A gnoll sergeant (D:9)
  A glowing shapeshifter simulacrum (Vaults:3)
  2 scorpions
  7 wights (D:8)
  9 killer bees
  8 howler monkeys
  6 electric eels
  A black bear zombie (Crypt:1)
  6 hounds
  8 jellies
  5 iron imps (Crypt:1)
  A bullfrog zombie (Ossuary)
  24 orc priests
  A gnoll bouda (D:5)
  Crazy Yiuf (D:2)
  4 boggart zombies (D:15)
  2 sleepcaps (D:5)
  5 iguanas
  A black bear skeleton (Crypt:2)
  29 orc wizards
  A hell rat (Zig:16)
  A tengu skeleton (Crypt:2)
  A hound skeleton (Crypt:2)
  15 mummies
  8 gnolls
  4 adders
  A steam dragon skeleton (Crypt:2)
  A white imp (D:5)
  2 ufetubi (D:6)
  A worm zombie (Crypt:2)
  A lava snake skeleton (Crypt:2)
  3 dart slugs
  111 orcs
  5 ball pythons
  5 bats
  9 endoplasms
  4 giant cockroaches
  11 goblins
  6 hobgoblins
  6 jackals
  10 kobolds
  3 quokkas
  4 frilled lizards
  6 rats
2264 creatures vanquished.

Vanquished Creatures (collateral kills)
  A juggernaut (Depths:4)
  A deep elf blademaster (Zig:15)
  A titan (Zig:12)
  3 sphinxes (Tomb:1)
  An acid blob (Slime:5)
  A storm dragon (Zig:12)
  A nagaraja (Zig:18)
  A frost giant (Depths:1)
  A fire giant (shapeshifter) (Zig:7)
  A stone giant (Depths:4)
  5 very ugly things
  A vampire knight (Crypt:1)
  A deep elf annihilator (Zig:15)
  A dire elephant (Zig:16)
  An ettin (Depths:1)
  An eidolon (Zig:17)
  A mummy priest (Tomb:1)
  A great orb of eyes (Vaults:3)
  A jiangshi (Crypt:3)
  A centaur warrior (Vaults:3)
  2 shock serpents
  2 skeletal warriors
  4 deep trolls
  A death drake (shapeshifter) (Depths:1)
  An ugly thing (Depths:2)
  A guardian serpent (Zig:18)
  A black mamba (Zig:18)
  A komodo dragon (Zig:16)
  3 slime creatures
  A spriggan (shapeshifter) (Zig:19)
  A yak (Zig:16)
  An orc warrior (Orc:2)
  A necrophage (Crypt:3)
  3 mummies
  A dart slug (D:3)
  An orc (D:4)
  2 giant cockroaches
  A goblin (D:4)
  A hobgoblin (D:3)
  3 jackals
  A quokka (D:4)
  2 jackal zombies (D:4)
  A kobold (D:4)
  A rat zombie (D:4)
63 creatures vanquished.

Vanquished Creatures (others)
  A pandemonium lord (Zig:19)
  A hydra (shapeshifter) (Zig:19)
  A swamp dragon (Swamp:1)
  A deep elf pyromancer (Elf:1)
  A deep elf zephyrmancer (Elf:3)
  5 humans (D:13)
  2 swamp drakes (Swamp:4)
  485 fire vortices
  8 foxfires (Swamp:4)
505 creatures vanquished.

Grand Total: 2832 creatures vanquished

Notes
Turn   | Place    | Note
-------+----------+-------------------------------------------
     0 | D:1      | PurpleRed the Felid Hedge Wizard began the quest for the
                  | Orb.
     0 | D:1      | Reached XP level 1. HP: 7/7 MP: 5/5
    45 | D:1      | Reached skill level 1 in Conjurations
   438 | D:1      | Reached XP level 2. HP: 11/11 MP: 5/7
   512 | D:1      | Learned a level 2 spell: Call Imp
   897 | D:1      | Reached XP level 3. HP: 14/14 MP: 4/8
  1281 | D:2      | Found a runed translucent door.
  1282 | D:2      | Noticed Crazy Yiuf
  1464 | D:2      | Learned a level 3 spell: Stone Arrow
  2202 | D:3      | Reached XP level 4. HP: 18/18 MP: 7/10
  2975 | D:3      | Learned a level 3 spell: Mephitic Cloud
  3072 | D:4      | Reached skill level 1 in Earth Magic
  3077 | D:4      | Found a white marble altar of Elyvilon.
  3086 | D:4      | Found a sand-covered staircase.
  3213 | D:4      | Reached XP level 5. HP: 20/21 MP: 1/11
  3411 | Ossuary  | Entered an ossuary
  4017 | D:5      | Entered Level 5 of the Dungeon
  4243 | D:5      | Gained mutation: You are covered in thick fur. (AC +2)
                  | [Felid growth]
  4243 | D:5      | Reached XP level 6. HP: 19/24 MP: 8/13
  4690 | D:5      | Found a snail-covered altar of Cheibriados.
  5354 | D:5      | Reached XP level 7. HP: 27/27 MP: 9/14
  5423 | D:5      | Reached skill level 5 in Conjurations
  5650 | D:5      | Found a sparkling altar of Nemelex Xobeh.
  5758 | D:6      | Found a broken altar of Ashenzari.
  5763 | D:6      | Noticed Grinder
  5774 | D:6      | Found a runed translucent gate.
  5774 | D:6      | Noticed 333guts333's ghost (novice GrFi)
  5780 | D:6      | Found a radiant altar of Vehumet.
  5788 | D:6      | Became a worshipper of Vehumet
  6099 | D:6      | Reached skill level 5 in Spellcasting
  6357 | D:6      | Found a runed translucent gate.
  6357 | D:6      | Found a runed translucent gate.
  6443 | D:6      | Reached XP level 8. HP: 31/31 MP: 9/16
  6774 | D:6      | Noticed Menkaure
  6780 | D:6      | Killed Menkaure
  6889 | D:6      | Noticed Maggie
  7292 | D:5      | Found a staircase to the Ecumenical Temple.
  7637 | Temple   | Entered the Ecumenical Temple
  7806 | D:6      | Killed Grinder
  8055 | D:6      | Noticed Edmund
  8066 | D:6      | Killed Edmund
  8279 | D:7      | Reached XP level 9. HP: 34/34 MP: 12/19
  8428 | D:7      | Reached skill level 5 in Earth Magic
  8432 | D:7      | Noticed Joseph
  8632 | D:7      | Noticed Maurice
  8638 | D:7      | Killed Maurice
  9084 | D:7      | Reached * piety under Vehumet
  9084 | D:7      | Offered knowledge of Freeze by Vehumet.
  9536 | D:7      | Killed Joseph
 10184 | D:8      | Reached skill level 1 in Fire Magic
 10204 | D:8      | Reached XP level 10. HP: 22/37 MP: 9/22
 10325 | D:8      | Reached skill level 10 in Conjurations
 10505 | D:8      | Reached skill level 1 in Fighting
 10922 | D:8      | Offered knowledge of Static Discharge by Vehumet.
 10981 | D:8      | Learned a level 2 spell: Static Discharge
 11027 | D:8      | Found a staircase to the Lair.
 11069 | D:8      | Reached ** piety under Vehumet
 11357 | D:9      | Noticed a two-headed ogre
 11363 | D:9      | Killed a two-headed ogre
 11492 | D:9      | Found Houng's Magic Scroll Shoppe.
 11495 | D:9      | Bought a scroll of blinking for 97 gold pieces
 11495 | D:9      | Bought a scroll of fear for 52 gold pieces
 11495 | D:9      | Bought a scroll of fog for 52 gold pieces
 11676 | D:9      | Found Gefinkio's General Store.
 11971 | D:9      | Found a hazy altar of Hepliaklqana.
 11972 | D:9      | Found an ornate altar of the Wu Jian Council.
 12115 | D:9      | Found Tuwukir's Antique Armour Emporium.
 12120 | D:9      | Found Cuij Noy's Antique Armour Boutique.
 12179 | D:9      | Found a sacrificial altar of Ru.
 12316 | D:9      | Found a shadowy altar of Dithmenos.
 12385 | D:9      | Noticed Harold
 12393 | D:9      | Killed Harold
 12565 | D:9      | Found a staircase to the Orcish Mines.
 12572 | D:9      | Offered knowledge of Ignite Poison by Vehumet.
 13204 | D:9      | Reached XP level 11. HP: 45/45 MP: 11/24
 13535 | D:10     | Entered Level 10 of the Dungeon
 13782 | D:10     | Reached *** piety under Vehumet
 13833 | D:10     | Noticed malesh's ghost (journeyman DrBe)
 13833 | D:10     | Found a runed translucent door.
 14042 | D:10     | Reached skill level 1 in Evocations
 14211 | D:10     | Learned a level 3 spell: Ignite Poison
 14354 | D:10     | Found Ubbiph's Antique Armour Boutique.
 14575 | D:10     | Reached skill level 5 in Dodging
 14932 | D:2      | Killed Crazy Yiuf
 15301 | D:6      | Offered knowledge of Sticky Flame by Vehumet.
 15387 | D:6      | Learned a level 4 spell: Sticky Flame
 15709 | D:6      | Killed 333guts333's ghost
 15911 | D:6      | Killed Maggie
 16308 | D:10     | Upgraded the game from 0.31-a0-1117-g67c613c to
                  | 0.31-a0-1118-gbca3d03
 16530 | D:11     | Reached skill level 5 in Fire Magic
 16911 | D:11     | Identified the +0 robe of the Falcon {SInv}
 16916 | D:11     | Noticed a two-headed ogre
 16963 | D:11     | Killed a two-headed ogre
 17265 | D:11     | Reached **** piety under Vehumet
 17453 | D:11     | Gained mutation: Your thick and shaggy fur keeps you warm.
                  | (AC +3, rC+) [Felid growth]
 17453 | D:11     | Reached XP level 12. HP: 37/48 MP: 13/26
 18586 | Lair:1   | Entered Level 1 of the Lair of Beasts
 18612 | Lair:1   | Offered knowledge of Lee's Rapid Deconstruction by Vehumet.
 18624 | Lair:1   | Learned a level 4 spell: Olgreb's Toxic Radiance
 19050 | Lair:1   | Reached skill level 1 in Poison Magic
 19394 | Lair:1   | Reached skill level 10 in Spellcasting
 19760 | Lair:1   | Found a runed translucent door.
 19761 | Lair:1   | Noticed a boulder beetle
 19762 | Lair:1   | Noticed Xaytacwe's ghost (journeyman GnNe)
 19789 | Lair:2   | Found a staircase to the Snake Pit.
 20531 | Lair:2   | Noticed Amaemon
 20540 | Lair:2   | Killed Amaemon
 20854 | Lair:2   | Identified the +1 mace of Gidiurph {heavy, rCorr}
 21055 | Lair:3   | Noticed an eight-headed hydra
 21060 | Lair:3   | Killed an eight-headed hydra
 21557 | Lair:3   | Noticed a catoblepas
 21571 | Lair:3   | Killed a catoblepas
 21795 | Lair:3   | Found a staircase to the Swamp.
 21933 | Lair:4   | Reached XP level 13. HP: 51/51 MP: 22/28
 22286 | Lair:4   | Reached ***** piety under Vehumet
 22286 | Lair:4   | Offered knowledge of Starburst by Vehumet.
 22300 | Lair:4   | Learned a level 6 spell: Starburst
 23315 | Lair:5   | Entered Level 5 of the Lair of Beasts
 23579 | Lair:5   | Slain by a cane toad
 23580 | Lair:5   | Found a staircase to the Slime Pits.
 23580 | Lair:5   | Found a viscous altar of Jiyva.
 24108 | Lair:5   | Reached skill level 5 in Fighting
 24409 | Lair:5   | Identified the dragon-blood talisman "Cudidem" {rElec}
 24466 | Lair:5   | Reached skill level 10 in Fire Magic
 24846 | Lair:5   | Reached XP level 14. HP: 58/58 MP: 26/30
 25657 | D:13     | Noticed Kirke
 25662 | D:13     | Killed Kirke
 25691 | D:13     | Killed from afar by a deep elf zephyrmancer
 25692 | D:13     | Upgraded the game from 0.31-a0-1118-gbca3d03 to
                  | 0.31-a0-1119-gf6f8548
 25882 | D:13     | Found the +6 shillelagh "Devastator" {shatter}
 25920 | D:13     | Found a gate leading to a gauntlet.
 25928 | Gauntlet | Entered a Gauntlet
 25928 | Gauntlet | Found a transporter.
 25937 | Gauntlet | Found a transporter.
 25952 | Gauntlet | Found a transporter.
 25954 | Gauntlet | Found a large runed translucent door.
 25954 | Gauntlet | Found a large runed translucent door.
 25955 | Gauntlet | Found a large runed translucent door.
 25955 | Gauntlet | Found a large runed translucent door.
 25956 | Gauntlet | Found a large runed translucent door.
 25956 | Gauntlet | Found a large runed translucent door.
 25956 | Gauntlet | Found a runed translucent door.
 25956 | Gauntlet | Found a runed translucent door.
 25956 | Gauntlet | Found a large runed translucent door.
 25957 | Gauntlet | Found a transporter.
 25972 | Gauntlet | Found a transporter.
 25987 | Gauntlet | Found a large runed translucent door.
 25988 | Gauntlet | Found a large runed translucent door.
 25989 | Gauntlet | Found a large runed translucent door.
 25989 | Gauntlet | Found a large runed translucent door.
 25990 | Gauntlet | Found a runed translucent gate.
 25991 | Gauntlet | Found a transporter.
 25991 | Gauntlet | Found a runed translucent gate.
 25992 | Gauntlet | Found a runed translucent gate.
 25993 | Gauntlet | Found a large runed translucent door.
 25993 | Gauntlet | Found a large runed translucent door.
 25994 | Gauntlet | Found a large runed translucent door.
 25995 | Gauntlet | Found a large runed translucent door.
 26003 | Gauntlet | Found a transporter.
 26008 | Gauntlet | Found a large runed translucent door.
 26012 | Gauntlet | Found a transporter.
 26014 | Gauntlet | Found a transporter.
 26065 | Gauntlet | Found a transporter.
 26070 | Gauntlet | Found a transporter.
 26074 | Gauntlet | Found a transporter.
 26096 | Gauntlet | Found a transporter.
 26102 | Gauntlet | Found a transporter.
 26104 | Gauntlet | Found a transporter.
 26128 | Gauntlet | Found a transporter.
 26155 | Gauntlet | Found a transporter.
 26173 | Gauntlet | Found a transporter.
 26569 | Gauntlet | Identified the ring "Edidy" {rElec rC+ Str+2 Int-5 SInv}
 26571 | Gauntlet | Identified the +0 pair of boots of the Dice {rCorr MP+9
                  | Int+4}
 26600 | Gauntlet | Found the +3 hat of Pondering {ponderous, Will+ MP+10
                  | Int+5}
 26632 | Gauntlet | Got the Vellum of the Tesseract
 26634 | Gauntlet | Identified the +0 leather armour "Cegigenurch" {rF+ Dex+2}
 26650 | D:13     | Found Rezij's Antique Weapon Shop.
 26780 | D:13     | Offered knowledge of Bombard by Vehumet.
 26793 | D:12     | Learned a level 6 spell: Bombard
 27125 | D:13     | Killed from afar by a crystal guardian
 27237 | Orc:1    | Entered Level 1 of the Orcish Mines
 27535 | Orc:2    | Entered Level 2 of the Orcish Mines
 27861 | Orc:2    | Noticed an orc warlord
 28103 | Orc:1    | Noticed Fannar
 28154 | Orc:1    | Killed Fannar
 28592 | Orc:2    | Noticed an orc warlord
 29077 | D:14     | Reached XP level 15. HP: 61/61 MP: 24/33
 29249 | D:14     | Learned a level 8 spell: Ignition
 29702 | D:14     | Offered knowledge of Plasma Beam by Vehumet.
 30144 | D:14     | Found an ornate altar of the Wu Jian Council.
 30162 | D:14     | Found a runed translucent gate.
 30162 | D:14     | Found a runed translucent gate.
 30162 | D:14     | Found a runed translucent gate.
 30162 | D:14     | Noticed Jiolyugh's ghost (journeyman GrEE)
 30162 | D:14     | Noticed Cicylist's ghost (journeyman FoFi)
 30257 | D:15     | Entered Level 15 of the Dungeon
 30425 | D:15     | Found a basalt altar of Yredelemnul.
 30746 | D:15     | Reached skill level 15 in Fire Magic
 31203 | D:15     | Slain by a wolf spider
 31783 | D:15     | Found a staircase to the Depths.
 32038 | D:9      | Bought a potion of enlightenment for 65 gold pieces
 32038 | D:9      | Bought a wand of roots (3) for 93 gold pieces
 32038 | D:9      | Bought a scroll of summoning for 123 gold pieces
 32038 | D:9      | Bought an amulet of the acrobat for 390 gold pieces
 32099 | D:9      | Bought a scroll of revelation for 97 gold pieces
 32099 | D:9      | Bought a scroll of poison for 52 gold pieces
 32219 | Orc:2    | Reached ****** piety under Vehumet
 32307 | Orc:2    | Found Qogrit's Antique Armour Boutique.
 32308 | Orc:2    | Found Ycuber's Antique Weapon Boutique.
 32310 | Orc:2    | Found Faiff's General Store.
 32310 | Orc:2    | Found Iphufum's Book Shop.
 32331 | Orc:2    | Bought a book of Weapons for 504 gold pieces
 32338 | Orc:2    | Learned a level 4 spell: Iskenderun's Mystic Blast
 32632 | Snake:1  | Entered Level 1 of the Snake Pit
 33150 | Snake:1  | Found Mery's Self-Published Books.
 33291 | Snake:1  | Offered knowledge of Yara's Violent Unravelling by Vehumet.
 33484 | Snake:1  | Identified the +2 leather armour of Zycu Cei {Int-4 Dex+6}
 34232 | Snake:1  | Reached XP level 16. HP: 65/65 MP: 23/35
 36836 | Orc:2    | Found Acri's General Store.
 36840 | Orc:2    | Found a staircase to the Elven Halls.
 36845 | Orc:2    | Bought a potion of haste for 150 gold pieces
 37143 | Elf:1    | Entered Level 1 of the Elven Halls
 37223 | Elf:1    | Offered knowledge of Freezing Cloud by Vehumet.
 37233 | Orc:2    | Learned a level 5 spell: Freezing Cloud
 39043 | Elf:1    | Found a bloodstained altar of Trog.
 39145 | Elf:1    | Got the Almanac of Generation
 39225 | Elf:2    | Paralysed by an air elemental for 1 turns
 39554 | Elf:2    | Reached skill level 10 in Dodging
 39777 | Elf:2    | Found a radiant altar of Vehumet.
 40522 | Elf:2    | Reached XP level 17. HP: 70/70 MP: 33/36
 40851 | Elf:2    | Offered knowledge of Orb of Destruction by Vehumet.
 41106 | Elf:2    | Learned a level 7 spell: Orb of Destruction
 41551 | Elf:2    | Found a runed translucent gate.
 41555 | Elf:2    | Found a runed translucent gate.
 41555 | Elf:2    | Found a runed translucent gate.
 41687 | Elf:3    | Entered Level 3 of the Elven Halls
 42342 | Orc:2    | Bought the Folio of the Salamander for 720 gold pieces
 43503 | Elf:3    | Reached skill level 15 in Spellcasting
 43507 | Elf:3    | Noticed a deep elf blademaster
 43754 | Elf:3    | Killed a deep elf blademaster
 44103 | Elf:3    | Noticed a deep elf master archer
 44107 | Elf:3    | Killed a deep elf master archer
 44108 | Elf:3    | Noticed a deep elf master archer
 44121 | Elf:3    | Killed a deep elf master archer
 44232 | Elf:3    | Noticed a deep elf master archer
 44246 | Elf:3    | Killed a deep elf master archer
 44573 | Elf:3    | Offered knowledge of Spellforged Servitor by Vehumet.
 44847 | Elf:3    | Noticed a deep elf blademaster
 44880 | Elf:3    | Killed a deep elf blademaster
 45291 | Elf:3    | Identified the +1 robe "Ysej" {rC++}
 45291 | Elf:3    | Identified the ring of Xom's Flight of Fancy {rC+ Will+}
 45347 | Elf:3    | Identified the +3 broad axe "Laemacia" {freeze, +Blink}
 45406 | Elf:3    | Identified the +6 chain mail of Impatience {Drain Fly rF+++
                  | MP+9}
 45625 | Elf:3    | Identified the ring of Paijuism {+Blink rC+ Will+ Dex+4}
 46015 | Elf:3    | Noticed a deep elf master archer
 46054 | Elf:3    | HP: 1/73 [deep elf master archer/arrow (6)]
 46348 | Elf:3    | Killed a deep elf master archer
 46349 | Elf:3    | Reached XP level 18. HP: 52/77 MP: 27/39
 46860 | Elf:3    | Got the Codex of Clouds
 46864 | Elf:3    | Got the Handbook of Breezy Jinxing
 46891 | Elf:3    | Got the Exposition on Pestilence and Concussion
 47010 | Elf:3    | Learned a level 5 spell: Fireball
 49106 | Snake:3  | Noticed Vashnia
 49619 | Snake:3  | Shot with an arrow by Vashnia
 49640 | Snake:3  | Killed Vashnia
 49832 | Snake:4  | Entered Level 4 of the Snake Pit
 50125 | Snake:4  | Reached skill level 15 in Dodging
 50898 | Snake:4  | Offered knowledge of Shatter by Vehumet.
 50898 | Snake:4  | Offered knowledge of Chain Lightning by Vehumet.
 50898 | Snake:4  | Offered knowledge of Polar Vortex by Vehumet.
 51023 | Snake:4  | Identified the +8 whip "Zeururgh" {heavy, rElec rPois rF+}
 51024 | Snake:4  | Found a shadowy altar of Dithmenos.
 51287 | Snake:4  | Identified the +5 ring mail "Lihephi" {Int+3}
 53258 | Snake:4  | Got a serpentine rune of Zot
 53628 | Swamp:1  | Entered Level 1 of the Swamp
 54297 | Swamp:1  | Found an ancient bone altar of Kikubaaqudgha.
 54468 | Swamp:1  | Reached XP level 19. HP: 80/80 MP: 36/41
 55558 | Swamp:2  | Identified the +3 hand axe "Conservator" {flame, rElec
                  | rPois Str-3 Int+7}
 56413 | Swamp:3  | Noticed Jorgrun
 56415 | Swamp:3  | Reached skill level 15 in Conjurations
 56416 | Swamp:3  | Killed Jorgrun
 56582 | Swamp:3  | Noticed Mlioglotl
 56826 | Swamp:3  | Learned a level 9 spell: Fire Storm
 56861 | Swamp:3  | Noticed Louise
 56930 | Swamp:4  | Entered Level 4 of the Swamp
 57196 | Swamp:4  | Noticed Mara
 57221 | Swamp:4  | Noticed PurpleRed's illusion
 57463 | Swamp:3  | Killed Mlioglotl
 57614 | Swamp:3  | Killed Louise
 57853 | Swamp:4  | Noticed PurpleRed's illusion
 57939 | Swamp:4  | Noticed PurpleRed's illusion
 57939 | Swamp:4  | Killed Mara
 59138 | Swamp:4  | Got a decaying rune of Zot
 59628 | D:10     | Killed malesh's ghost
 59742 | Lair:1   | Killed Xaytacwe's ghost
 60587 | D:14     | Found a gate to the Vaults.
 60894 | D:14     | Killed Cicylist's ghost
 60894 | D:14     | Killed Jiolyugh's ghost
 60912 | D:14     | Identified the +3 cloak "Lekuawk" {Will+ Str+3 Int-4}
 60980 | Vaults:1 | Entered Level 1 of the Vaults
 62748 | Vaults:2 | Reached XP level 20. HP: 84/84 MP: 9/43
 63385 | Vaults:2 | Found a staircase to the Crypt.
 63814 | Vaults:2 | Identified the +5 arbalest of Fabulous Reinforcement {elec,
                  | *Slow rElec rN+++ Int+4}
 66365 | Vaults:3 | Found Nutuigo's Jewellery Shop.
 66370 | Vaults:3 | Bought a ring of wizardry for 570 gold pieces
 66799 | Vaults:3 | Found Jacod's Jewellery Shop.
 67382 | Vaults:4 | Identified the amulet of Ywkil {Faith rCorr Int+3}
 67655 | Vaults:4 | Reached XP level 21. HP: 88/88 MP: 32/44
 68815 | Slime:1  | Entered Level 1 of the Pits of Slime
 69846 | Slime:2  | You fall into a shaft and drop 1 floor!
 70230 | Slime:2  | Gained mutation: Your body sometimes deteriorates upon
                  | taking damage. [a shining eye]
 70478 | Slime:4  | Gained mutation: Your health recovers twice as slowly from
                  | being drained. [a shining eye]
 70589 | Slime:5  | Entered Level 5 of the Pits of Slime
 70704 | Slime:5  | Noticed the Royal Jelly
 70710 | Slime:5  | Killed the Royal Jelly
 70969 | Slime:5  | Identified the +0 robe of Dawn {Str+2 Int-2 SInv Stlth+
                  | Archmagi}
 70975 | Slime:5  | Got a slimy rune of Zot
 71250 | Slime:5  | Identified the +0 ring mail of the Hippogriff {Int+5 Dex+5}
 71255 | Slime:5  | Identified the +2 leather armour of the Loofah {-Tele Will+
                  | Int+4}
 71258 | Slime:5  | Identified the +2 helmet of the Gravedigger {rElec}
 71281 | Slime:5  | Identified the amulet of Gozag's Supremacy {Acrobat Rampage
                  | Int+3}
 71296 | Slime:5  | Identified the amulet of Jealousy {Spirit Will- Int+4}
 71297 | Slime:5  | Identified the +1 arbalest of Fittef {flame, rElec Dex+4}
 71326 | Slime:5  | Got the Atlas of Necromancy and the Swarm
 71406 | Lair:5   | Lost mutation: Your body sometimes deteriorates upon taking
                  | damage. [potion of mutation]
 71406 | Lair:5   | Lost mutation: Your health recovers twice as slowly from
                  | being drained. [potion of mutation]
 71406 | Lair:5   | Gained mutation: You are partially covered in iridescent
                  | scales. (AC +2) [potion of mutation]
 71406 | Lair:5   | Gained mutation: Your mind is acute. (Int +4, Str/Dex -1)
                  | [potion of mutation]
 71777 | Vaults:3 | Bought the ring "Riemic" {rElec rPois Will++} for 720 gold
                  | pieces
 72044 | Depths:1 | Entered Level 1 of the Depths
 72304 | Depths:1 | Found Ebioc's Magic Scroll Shoppe.
 72307 | Depths:1 | Bought a scroll of fog for 84 gold pieces
 72307 | Depths:1 | Bought a scroll of fog for 84 gold pieces
 72528 | Depths:1 | Found Poafud's Jewellery Emporium.
 72754 | Depths:1 | Found a one-way gate to the infinite horrors of the Abyss.
 73151 | Depths:1 | Found a gateway to Hell.
 73295 | Depths:1 | Found Vodiudd Guut's Magic Scroll Shop.
 73298 | Depths:1 | Bought a scroll of teleportation for 69 gold pieces
 73298 | Depths:1 | Bought a scroll of teleportation for 69 gold pieces
 73298 | Depths:1 | Bought a scroll of amnesia for 92 gold pieces
 73364 | Depths:1 | Found a glowing silver altar of Zin.
 74167 | Depths:2 | Reached skill level 10 in Fighting
 74412 | Depths:2 | Reached skill level 1 in Shapeshifting
 74415 | Depths:2 | Reached XP level 22. HP: 95/95 MP: 22/46
 74754 | Depths:2 | Reached skill level 2 in Shapeshifting
 75029 | Depths:2 | Reached skill level 3 in Shapeshifting
 75184 | Depths:2 | Found a runed translucent gate.
 75184 | Depths:2 | Found a runed translucent gate.
 75184 | Depths:2 | Found a runed translucent gate.
 75216 | Depths:2 | Found a runed translucent gate.
 75217 | Depths:2 | Found a runed translucent gate.
 75217 | Depths:2 | Found a runed translucent gate.
 75245 | Depths:2 | Reached skill level 4 in Shapeshifting
 75360 | Depths:2 | Reached skill level 5 in Shapeshifting
 75733 | Depths:2 | Reached skill level 6 in Shapeshifting
 75758 | Depths:2 | Found a one-way gate leading to the halls of Pandemonium.
 75830 | Depths:3 | Noticed the Enchantress
 76191 | Depths:3 | Reached skill level 7 in Shapeshifting
 76254 | Depths:3 | Noticed a juggernaut
 76393 | Depths:3 | Killed the Enchantress
 76463 | Depths:3 | Found a one-way gateway to a ziggurat.
 76469 | Depths:3 | Reached skill level 8 in Shapeshifting
 76819 | Depths:3 | Found a transporter.
 76829 | Depths:3 | Found a transporter.
 77230 | Depths:4 | Entered Level 4 of the Depths
 77230 | Depths:4 | Noticed a juggernaut
 77451 | Depths:4 | Identified the +1 robe "Wiatt" {Will+}
 77456 | Depths:4 | Reached skill level 9 in Shapeshifting
 77539 | Depths:4 | Killed a juggernaut
 77779 | Depths:4 | Noticed a golden dragon
 77782 | Depths:4 | Killed a golden dragon
 77783 | Depths:4 | Reached skill level 10 in Shapeshifting
 77955 | Depths:4 | Found a gate to the Realm of Zot.
 77958 | Depths:4 | Reached skill level 11 in Shapeshifting
 78316 | Depths:4 | Noticed a juggernaut
 78324 | Depths:4 | Killed a juggernaut
 78668 | Depths:4 | Found a gateway to a bazaar.
 78675 | Bazaar   | Entered a bazaar
 78675 | Bazaar   | Found Wovemo's Armour Boutique.
 78675 | Bazaar   | Found Tineq's Antique Weapon Shop.
 78675 | Bazaar   | Found Warialut's Armour Shop.
 79269 | Crypt:1  | Entered Level 1 of the Crypt
 79276 | Crypt:1  | Reached skill level 12 in Shapeshifting
 79278 | Crypt:1  | Reached XP level 23. HP: 99/99 MP: 47/47
 79279 | Crypt:1  | Found a runed translucent door.
 79302 | Crypt:1  | Learned a level 2 spell: Blink
 79388 | Crypt:1  | Reached skill level 13 in Shapeshifting
 79593 | Crypt:1  | Identified the +5 short sword of Itynes {heavy, rN+ Dex+2}
 80199 | Crypt:1  | Found a burning altar of Makhleb.
 80393 | Crypt:1  | Found a shimmering altar of Xom.
 80393 | Crypt:1  | Noticed Woadakig's ghost (veteran FoFi)
 80678 | Crypt:2  | Reached skill level 14 in Shapeshifting
 80836 | Crypt:2  | Noticed Zenata
 80838 | Crypt:2  | Killed Zenata
 81894 | Crypt:3  | Entered Level 3 of the Crypt
 82458 | Crypt:3  | Found an ancient bone altar of Kikubaaqudgha.
 82463 | Crypt:3  | Reached skill level 15 in Shapeshifting
 83009 | Crypt:3  | Reached skill level 16 in Shapeshifting
 83449 | Crypt:3  | Identified the ring of Uroggu {rF++ rN+ Str-3}
 83449 | Crypt:3  | Noticed Jory
 83629 | Crypt:3  | Killed Jory
 83689 | Crypt:3  | Identified the ring of Saovior {rC+ rN+ Int+2 Stlth+}
 83786 | Crypt:3  | Found a staircase to the Tomb.
 84042 | Tomb:1   | Entered Level 1 of the Tomb of the Ancients
 84122 | Tomb:1   | Noticed Boris
 84124 | Tomb:1   | Killed Boris
 84130 | Tomb:1   | Reached skill level 17 in Shapeshifting
 84511 | Tomb:1   | Reached XP level 24. HP: 99/103 MP: 40/47
 85614 | Zig:1    | Entered Level 1 of a ziggurat
 85674 | Zig:2    | Entered Level 2 of a ziggurat
 85717 | Zig:3    | Entered Level 3 of a ziggurat
 85738 | Zig:3    | Reached skill level 18 in Shapeshifting
 85738 | Zig:3    | Reached XP level 25. HP: 106/106 MP: 45/47
 85748 | Zig:4    | Entered Level 4 of a ziggurat
 85780 | Zig:5    | Entered Level 5 of a ziggurat
 85857 | Zig:6    | Entered Level 6 of a ziggurat
 85895 | Zig:7    | Entered Level 7 of a ziggurat
 85900 | Zig:7    | Noticed a Killer Klown
 85900 | Zig:7    | Noticed a Killer Klown
 85903 | Zig:7    | Reached skill level 19 in Shapeshifting
 85903 | Zig:7    | Killed a Killer Klown
 85905 | Zig:7    | Killed a Killer Klown
 85975 | Zig:8    | Entered Level 8 of a ziggurat
 85979 | Zig:8    | Noticed a dread lich
 85981 | Zig:8    | Noticed a dread lich
 85982 | Zig:8    | Killed a dread lich
 85982 | Zig:8    | Killed a dread lich
 86026 | Zig:8    | Identified the ring of Anaavvayso {+Blink rC+ Int-4 SInv}
 86033 | Zig:8    | Identified the ring of Foolhardiness {Fly Int+4 Stlth-}
 86045 | Zig:9    | Entered Level 9 of a ziggurat
 86056 | Zig:9    | Found the +7 sceptre of Torment {pain, torment}
 86117 | Zig:9    | Identified the ring of Wotid {rElec rC+ Will+ rCorr Int-2}
 86127 | Zig:9    | Identified the +9 scimitar of Dyek {heavy, rElec Str+2
                  | Dex+2}
 86163 | Zig:10   | Entered Level 10 of a ziggurat
 86172 | Zig:10   | Reached skill level 20 in Shapeshifting
 86310 | Zig:10   | Identified the ring "Teebauhe" {rPois rF+ rC+ Str+6 Stlth-}
 86321 | Zig:10   | Identified the staff of Beogh, Leaping {rF+ rC+++ MP+9
                  | Dex-2 SInv Fire}
 86324 | Zig:11   | Entered Level 11 of a ziggurat
 86424 | Zig:11   | Found the +13 scythe of Curses {drain, curses, Drain}
 86441 | Zig:11   | Identified the +1 halberd "Toorof" {spect, rPois rC- Int+3
                  | SInv}
 86448 | Zig:11   | Got the Secrets of the Door
 86461 | Zig:12   | Entered Level 12 of a ziggurat
 86495 | Zig:12   | Killed from afar by a spriggan air mage
 86511 | Zig:12   | Reached skill level 21 in Shapeshifting
 86750 | Zig:12   | Identified the ring of the Nine Moons {rC++ Will+ rCorr
                  | SInv Stlth-}
 86752 | Zig:12   | Identified the staff of Secwag {rPois rN++ Int+8 Dex-3
                  | Conj}
 86755 | Zig:12   | Reached XP level 26. HP: 110/110 MP: 47/47
 86756 | Zig:12   | Identified the +1 plate armour of Privacy {Stlth+}
 86772 | Zig:13   | Entered Level 13 of a ziggurat
 86787 | Zig:13   | Reached skill level 22 in Shapeshifting
 86935 | Zig:13   | Identified the staff of Joyful Slaughter {rF+ rC+ Int+2
                  | Ice}
 86936 | Zig:13   | Identified the staff of Cyups {rPois Str+5 Poison}
 86950 | Zig:13   | Got Sif Muna's Handbook of Glowing Calling
 86953 | Zig:13   | Identified the +1 ring mail of Hepliaklqana's Favour {Will+
                  | rCorr}
 86954 | Zig:13   | Identified the ring of Winter {rPois rC+ Str+6}
 86960 | Zig:14   | Entered Level 14 of a ziggurat
 86983 | Zig:14   | Killed from afar by a salamander tyrant
 87007 | Zig:14   | Got the Teachings on Non-Euclidean Turbulence
 87011 | Zig:14   | Reached XP level 27. HP: 115/115 MP: 45/47
 87034 | Zig:15   | Entered Level 15 of a ziggurat
 87046 | Zig:15   | Reached skill level 23 in Shapeshifting
 87046 | Zig:15   | Reached skill level 1 in Air Magic
 87273 | Zig:15   | Identified the amulet of Limimec {RegenMP *Corrode Fragile
                  | rElec Stlth+}
 87300 | Zig:15   | Identified the +2 broad axe of Disorder {freeze, rElec rF-
                  | rCorr Int+4}
 87451 | Zig:16   | Entered Level 16 of a ziggurat
 87474 | Zig:16   | Reached skill level 5 in Air Magic
 87693 | Zig:16   | Found the +3 salamander hide armour {Flames, rFlCloud rF++
                  | rC--}
 87723 | Zig:16   | Identified the +8 long sword "Moanav" {drain, rPois Int+2}
 87730 | Zig:17   | Entered Level 17 of a ziggurat
 87747 | Zig:17   | Noticed Uhosoup's ghost (veteran GrFi)
 87747 | Zig:17   | Noticed Xorhowon's ghost (legendary MiBe)
 87748 | Zig:17   | Noticed Ydot's ghost (legendary FeWr)
 87749 | Zig:17   | Killed Ydot's ghost
 87749 | Zig:17   | Noticed Boduf's ghost (legendary FoHu)
 87750 | Zig:17   | Noticed Walil's ghost (veteran MiMo)
 87751 | Zig:17   | Killed Uhosoup's ghost
 87751 | Zig:17   | Noticed astronautguy's ghost (master DEFE)
 87752 | Zig:17   | Killed Walil's ghost
 87754 | Zig:17   | Noticed Becvyf's ghost (legendary GnFi)
 87754 | Zig:17   | Noticed EricTams's ghost (veteran MiBe)
 87757 | Zig:17   | Killed EricTams's ghost
 87757 | Zig:17   | Killed Xorhowon's ghost
 87759 | Zig:17   | Killed Boduf's ghost
 87761 | Zig:17   | Killed Becvyf's ghost
 87766 | Zig:17   | Killed astronautguy's ghost
 88074 | Zig:17   | Identified the +1 war axe "Miuwkush" {pain, *Corrode rElec
                  | rPois rF-}
 88090 | Zig:17   | Identified the +10 shortbow "Tiheom" {heavy, rElec}
 88097 | Zig:17   | Learned a level 4 spell: Passage of Golubria
 88108 | Zig:17   | Learned a level 9 spell: Chain Lightning
 88110 | Zig:18   | Entered Level 18 of a ziggurat
 88128 | Zig:18   | Killed from afar by a salamander tyrant
 88364 | Zig:18   | Identified the +4 pearl dragon scales of the Shore {-Cast
                  | rElec rF+ rN+}
 88365 | Zig:18   | Identified the ring "Plog" {rElec EV+5 Str+3}
 88376 | Zig:18   | Identified the +7 rapier "Vineix" {venom, rF+}
 88383 | Zig:18   | Got the Codex of Altered Cinders
 88433 | Zig:19   | Entered Level 19 of a ziggurat
 88445 | Zig:19   | Noticed Kiodaut the pandemonium lord
 88445 | Zig:19   | Noticed Quydduomoa the pandemonium lord
 88463 | Zig:19   | Noticed Pemoc the pandemonium lord
 88469 | Zig:19   | Killed Xurej the pandemonium lord
 88470 | Zig:19   | Noticed Musseny the pandemonium lord
 88483 | Zig:19   | Noticed Raagreqo the pandemonium lord
 88483 | Zig:19   | Killed Musseny the pandemonium lord
 88484 | Zig:19   | Reached skill level 10 in Air Magic
 88487 | Zig:19   | Noticed Tiamem the pandemonium lord
 88493 | Zig:19   | Identified the amulet "Cuamig" {RegenMP +Blink Will+}
 88496 | Zig:19   | HP: 1/118 [Kiodaut the pandemonium lord (9)]
 88498 | Zig:19   | Annihilated by Kiodaut the pandemonium lord
 88512 | Zig:19   | Noticed Cuonk the pandemonium lord
 88512 | Zig:19   | Noticed Waecuimp the pandemonium lord
 88539 | Zig:19   | Killed from afar by Cuonk the pandemonium lord

Illustrated notes

Levels and vault maps discovered:
D:1:      lemuel_arrival_funnel, layout_loops_ring
D:2:      layout_rooms, uniq_crazy_yiuf_cottage
D:3:      layout_loops_corners, hangedman_feature_mirror
D:4:      layout_loops_ring, mainiacjoe_overflow_chevrons, enter_ossuary_3,
          minmay_ruptured
D:5:      layout_gridville, nemelex_diamond_rough_becter,
          mainiacjoe_overflow_brackets, temple_hall
D:6:      layout_gridville, kennysheep_mini, vehumet_crystals,
          gammafunk_ghost_split, nicolae_lava_and_water, serial_bayou_pond_d,
          uniq_menkaure, uniq_edmund, uniq_maggie, uniq_grinder
D:7:      layout_cave_pools, serial_column_ruins, column_ruins_square_huge,
          column_ruins_square_small, column_ruins_grid_4,
          column_ruins_open_small, column_ruins_columns_T, column_ruins_grid_1,
          hangedman_decor_points, uniq_joseph, uniq_maurice
D:8:      layout_loops_ring, erik_lair_island
D:9:      layout_cave_pods, nicolae_ru_great_annihilating_truth,
          grunt_dithmenos_shadows, nicolae_overflow_squiral, david_orc_5,
          serial_shops, nicolae_shop_rolled_up, nicolae_shop_back_alley_shop,
          nicolae_shop_getting_attention, shop, uniq_harold
D:10:     layout_rooms, hellmonk_ghost_happy_afterlife, serial_shops, shop
D:11:     nicolae_whirlpool, layout_cave_pools
D:12:     layout_roguey
D:13:     minmay_roctagon, layout_cave_pools, serial_shops, shop,
          gauntlet_entry_generic, kb_rosetta, uniq_kirke
D:14:     layout_stronghold, david_vaults_2, gammafunk_ghost_cemetery,
          nzn_wu_jian_contemplation
D:15:     hangedman_depths_entry_try_elsewhere_first, layout_loops_ring,
          grunt_decor_clamped, eino_curves_03, nicolae_yredelemnul_corpse_copse
Temple:   nicolae_temple_figure_eight
Lair:1:   layout_big_grid, ebering_ghost_inner_flame, grunt_megastairs_3
Lair:2:   wander_river, layout_regular_city, minmay_snake_entry_guardpost_small,
          uniq_amaemon
Lair:3:   layout_chaotic_city, mainiacjoe_swamp_entry_lozenge_pond
Lair:4:   layout_layer_cave, cheibrodos_lair_lostbears
Lair:5:   evilmike_catoblepas_cave, layout_loops_ring, slime_entry_1,
          nzn_sisyphean_effort
Swamp:1:  layout_basic_swamp, hangedman_swamp_cone, grunt_ruined_hall
Swamp:2:  layout_basic_swamp, nicolae_swamp_little_swirl
Swamp:3:  layout_basic_swamp, evilmike_swamp_ruin_wall, uniq_mlioglotl,
          uniq_louise, uniq_jorgrun
Swamp:4:  swamp_fiery, layout_basic_swamp, uniq_mara
Snake:1:  layout_grid_maze, nicolae_custom_books
Snake:2:  layout_misc_corridors
Snake:3:  layout_basic, grunt_megastairs_5, uniq_vashnia
Snake:4:  grunt_snake_rune_pools, layout_cave_town, basic_altar
Slime:1:  layout_caves, cheibrodos_slime_lost_civilization_5
Slime:2:  layout_caves
Slime:3:  layout_caves
Slime:4:  cheibrodos_slime_lost_civilization_9, layout_caves
Slime:5:  slime_pit_nicolae_jellycorners
Orc:1:    layout_caves, uniq_fannar
Orc:2:    st_orc_congregation, layout_caves, serial_shops, shop
Elf:1:    eino_elf_arrival_customs, layout_gridlike, minmay_elf_demonology,
          hangedman_glass_teeth, dreamdust_wishing_well,
          evilmike_spriggan_trog_shrine
Elf:2:    elven_hall_of_blades_hangedman_original
          [nicolae_blade_entry_area_security], layout_geoelf_grid, basic_altar,
          laboratory
Elf:3:    minmay_elf_hall_circle, layout_geoelf_diagonals
Vaults:1: vaults_room_pools, v_pattern_2, vaults_standard_mumra_x,
          vaults_room_ringed_pool, nicolae_vaults_lightning_bolt,
          vaults_room_fancy_cross, vaults_room_hallway,
          nicolae_vaults_tetromino_Z_2, vaults_dpeg_spiral,
          nicolae_vaults_variable_pillar_hall, layout_vaults_omnigrid
Vaults:2: nicolae_vaults_tetromino_L_2, ontoclasm_vaults_loading_screen,
          hangedman_vaults_nails, vaults_room_boxed,
          minmay_crypt_entry_simple_statues, vaults_room_semicircle,
          ontoclasm_vaults_eye, v_rooms_4, nicolae_vaults_mini_display_case,
          nicolae_vaults_yaktaur_gun_rack, nicolae_vaults_rhombus_6,
          nicolae_vaults_tangram_1, layout_vaults_omnibox
Vaults:3: nicolae_vaults_network_periphery, vaults_room_mumra_shop_pool,
          ontoclasm_vaults_shuriken, v_misc_16, v_misc_1,
          nicolae_vaults_tetromino_L_1, v_rooms_5, vaults_dpeg_ring,
          nicolae_vaults_layer_cake_slice, nicolae_vaults_ellipses_ellipsis,
          nicolae_vaults_trapezoid_lopsided_3, vaults_dpeg_hooks,
          nicolae_vaults_closet_pinwheel_1, serial_ice_m,
          layout_vaults_maze_bifur, serial_shops, shop
Vaults:4: vaults_room_door_hall, v_misc_27, ontoclasm_vaults_chip,
          nicolae_vaults_door_testing_chamber, ontoclasm_vaults_twist,
          hangedman_vaults_capsules, nicolae_vaults_trapezoid_3,
          ontoclasm_vaults_idyll, ontoclasm_vaults_hangar, v_misc_5,
          nicolae_vaults_tetromino_T_2, layout_vaults_big_room
Crypt:1:  layout_rooms, ebering_ghost_xom, lemuel_hellish_altar,
          grunt_megastairs_1
Crypt:2:  layout_misc_corridors, uniq_zenata
Crypt:3:  grunt_crypt_end_deaths_head
Tomb:1:   uniq_boris
Depths:1: layout_basic, pf_coc_iceberg, columned_hall_lemuel, serial_shops,
          nicolae_shop_rolled_up, nicolae_shop_behind_doors, nicolae_shop_stone,
          abyss_entry, drop_trap, zin_scriptorium
Depths:2: kennysheep_treasure_stockpile, layout_gridlike,
          rand_demon_pan_entry_9, serial_aquarium, aquarium_bridge_straight
          [aquarium_subvault_bridge, aquarium_subvault_balcony,
          aquarium_subvault_bridge, aquarium_subvault_wall],
          aquarium_window_fake, aquarium_window_fake, aquarium_view_2c,
          aquarium_view_2d, aquarium_balcony_3a, aquarium_pool_split, hell_entry
Depths:3: emtedronai_trogs_sanctum, layout_cave_shapes, enter_ziggurat_f,
          nicolae_twisty_statue_hallways, abyss_entry_crystal, hell_entry,
          minmay_staircase_bubble, uniq_enchantress
Depths:4: grunt_zot_entry_funnels, layout_gridlike, serial_shops,
          bzr_entry_dummy, hell_entry, amcnicky_mini_pool_small
Zig:19:   ziggurat_pillar_abc, ziggurat_pillar_abc, ziggurat_pillar_abc,
          ziggurat_pillar_abc

Skill      XL: |  1  2  3  4  5  6  7  8  9 10 11 12 13 14 15 16 17 18 19 20 21 22 23 24 25 26 27 |
---------------+----------------------------------------------------------------------------------+-----
Conjurations   | 1 2 3 4 6 7 9 11 12 13 14 17 19 20 21 | 21.0
Earth Magic    | 1 2 3 4 5 |  5.0
Spellcasting   | 4 5 6 7 8 9 10 11 13 14 16 17 18 19 20 | 20.1
Fire Magic     | 1 3 5 8 10 13 16 18 19 20 21 | 21.0
Fighting       | 3 5 6 8 10 12 | 12.0
Dodging        | 3 5 10 14 16 18 | 18.0
Evocations     | 4 |  4.0
Poison Magic   | 3 |  3.0
Shapeshifting  | 1 12 17 18 21 22 23 | 23.0
Air Magic      | 10 | 10.3
Stealth        | |  2.6
Summonings     | |  1.0
Translocations | |  1.5

Action                     |  1- 3 |  4- 6 |  7- 9 | 10-12 | 13-15 | 16-18 | 19-21 | 22-24 | 25-27 || total
---------------------------+-------+-------+-------+-------+-------+-------+-------+-------+-------++-------
  Melee: Unarmed           |    37 |    40 |     9 |    32 |    12 |    15 |     1 |     7 |       ||   153
         Bite              |     1 |     7 |     1 |    11 |     2 |     3 |       |     4 |       ||    29
         Punch             |       |       |       |       |       |     2 |       |       |       ||     2
   Cast: Magic Dart        |    93 |    50 |       |     5 |     1 |       |       |       |       ||   149
         Call Imp          |     7 |    13 |       |       |       |       |       |       |       ||    20
         Stone Arrow       |       |    43 |   145 |   383 |    79 |    42 |     2 |       |       ||   694
         Mephitic Cloud    |       |       |       |    25 |    11 |       |       |       |       ||    36
         Ignite Poison     |       |       |       |    13 |     1 |       |       |       |       ||    14
         Olgreb's Toxic Ra |       |       |       |     9 |    29 |     3 |       |       |       ||    41
         Sticky Flame      |       |       |       |     6 |    12 |       |       |       |       ||    18
         Starburst         |       |       |       |       |   313 |    84 |     1 |       |       ||   398
         Static Discharge  |       |       |       |       |     1 |       |       |       |       ||     1
         Bombard           |       |       |       |       |    32 |   135 |    28 |    17 |     7 ||   219
         Ignition          |       |       |       |       |    11 |   138 |   115 |    15 |     3 ||   282
         Iskenderun's Myst |       |       |       |       |       |    76 |    73 |    36 |    19 ||   204
         Freezing Cloud    |       |       |       |       |       |    15 |     2 |       |       ||    17
         Orb of Destructio |       |       |       |       |       |     5 |    32 |     7 |       ||    44
         Fireball          |       |       |       |       |       |   159 |   358 |    41 |     5 ||   563
         Fire Storm        |       |       |       |       |       |       |   103 |   216 |   130 ||   449
         Blink             |       |       |       |       |       |       |       |       |     4 ||     4
         Passage of Golubr |       |       |       |       |       |       |       |       |     1 ||     1
Ability: Blinkbolt         |       |       |       |       |       |       |       |       |     1 ||     1
         Begin Untransform |       |       |       |       |       |       |       |       |     1 ||     1
  Evoke: Wand              |       |     1 |     4 |     8 |    12 |     1 |     8 |     1 |       ||    35
         Phantom mirror    |       |       |       |       |     1 |     1 |       |       |     1 ||     3
         Condenser vane    |       |       |       |       |       |       |     1 |       |     1 ||     2
    Use: Potion            |     1 |     1 |       |       |    11 |     2 |     3 |     2 |    16 ||    36
         Scroll            |       |     5 |     9 |     8 |    14 |    11 |     6 |     3 |    17 ||    73
   Stab: Sleeping          |     4 |       |       |       |       |       |       |       |       ||     4
         Confused          |       |       |       |     1 |       |       |       |       |       ||     1
 Armour: Skin              |    13 |    16 |    24 |    56 |   110 |    91 |    45 |    26 |    49 ||   430
  Dodge: Dodged            |    60 |    77 |    37 |   142 |   206 |   163 |   108 |    75 |    95 ||   963
   Form: Death             |       |       |       |       |       |       |       |       |     2 ||     2
         Dragon            |       |       |       |       |       |       |       |       |     1 ||     1
         Storm             |       |       |       |       |       |       |       |       |     1 ||     1

Table legend: (Time is in decaauts)
 A = Elapsed time spent in this place.
 B = Non-inter-level travel time spent in this place.
 C = Inter-level travel time spent in this place.
 D = Time resting spent in this place.
 E = Time spent auto-exploring this place.
 F = Levels seen in this place.
 G = Mean time per level.
                   A        B        C        D        E       F      G
               +--------+--------+--------+--------+--------+-----+--------+
         Total |  80580 |  74993 |   5587 |  21001 |  37183 |  73 | 1103.8 |
       Dungeon |  21987 |  19499 |   2488 |   4222 |   9851 |  15 | 1465.8 |
        Temple |      1 |      1 |      0 |      0 |      0 |   1 |    1.0 |
          Lair |   8021 |   7303 |    718 |   1954 |   4053 |   5 | 1604.2 |
         Swamp |   5066 |   4857 |    209 |   1560 |   2169 |   4 | 1266.5 |
     Snake Pit |   8898 |   8583 |    315 |   3426 |   3395 |   4 | 2224.5 |
    Slime Pits |   2161 |   2068 |     93 |   1090 |    495 |   5 |  432.2 |
  Orcish Mines |   2736 |   2419 |    317 |   1063 |    718 |   2 | 1368.0 |
   Elven Halls |   8957 |   8645 |    312 |   3933 |   2909 |   3 | 2985.7 |
        Vaults |   7572 |   7008 |    564 |   1232 |   4946 |   4 | 1893.0 |
         Crypt |   4252 |   4083 |    169 |    636 |   2723 |   3 | 1417.3 |
          Tomb |    970 |    946 |     24 |     56 |    712 |   1 |  970.0 |
        Depths |   6386 |   6012 |    374 |    934 |   4160 |   4 | 1596.5 |
      Ziggurat |   2832 |   2832 |      0 |    764 |   1019 |  19 |  149.1 |
        Bazaar |     15 |     15 |      0 |      0 |      0 |   1 |   15.0 |
       Ossuary |    137 |    137 |      0 |     96 |      0 |   1 |  137.0 |
      Gauntlet |    583 |    583 |      0 |     32 |     28 |   1 |  583.0 |
               +--------+--------+--------+--------+--------+-----+--------+

Top non-repeatable levels by time:
   Elf:3: 4054 daAuts
     D:6: 3009 daAuts
 Snake:4: 2958 daAuts
     D:9: 2782 daAuts
   Elf:2: 2600 daAuts
Vaults:2: 2441 daAuts
Depths:2: 2351 daAuts
   Elf:1: 2302 daAuts
 Snake:2: 2141 daAuts
 Crypt:3: 2064 daAuts
Vaults:1: 2029 daAuts
 Snake:1: 2012 daAuts
  Lair:5: 1960 daAuts
Vaults:3: 1924 daAuts
 Snake:3: 1785 daAuts
